 Dungeon Crawl Stone Soup version 0.31-a0-875-g02e7d12df6 (webtiles) character file.

Game seed: 12447839915339341483

1157 Max4BY the Poker (level 8, 0/60 HPs)
             Began as a Demonspawn Gladiator on Oct 11, 2023.
             Was an Initiate of Makhleb.
             Slain by a black bear (3 damage)
             ... created by the rage of Trog
             ... on level 5 of the Dungeon on Oct 12, 2023.
             The game lasted 00:52:08 (6536 turns).

Max4BY the Poker (Demonspawn Gladiator)             Turns: 6536, Time: 00:52:09

Health: 0/60       AC: 19    Str: 18    XL:     8   Next: 16%
Magic:  8/8        EV:  9    Int:  9    God:    Makhleb [......]
Gold:   221        SH:  0    Dex: 16    Spells: 7/7 levels left

rFire   . . .        m - +3 scythe (protect)
rCold   . . .        (shield currently unavailable)
rNeg    . . .        k - +2 chain mail {Will+}
rPois   .            (helmet restricted)
rElec   .            (no cloak)
rCorr   .            o - +0 pair of gloves
SInv    .            (no boots)
Will    +....        (no amulet) Stlth
                     (no ring)
HPRegen 0.30/turn    (no ring)
MPRegen 0.22/turn

%: no passive effects
@: under a protective aura
A: horns 2, thin skeletal structure 1, foul stench 1, magic regeneration
a: Renounce Religion


You were on level 5 of the Dungeon.
You worshipped Makhleb.
Makhleb was noncommittal.
You visited 2 branches of the dungeon, and saw 7 of its levels.

You collected 303 gold pieces.
You spent 82 gold pieces at shops.

Inventory:

Hand Weapons
 a - a +1 long sword
 b - a +1 hand axe of venom
 m - a +3 scythe of protection (weapon)
 y - a +2 halberd of freezing
Missiles
 d - 3 throwing nets (quivered)
 e - a javelin
Armour
 k - a +2 chain mail of willpower (worn)
 n - a +2 robe
 o - a +0 pair of gloves (worn)
 r - a +0 leather armour of positive energy
 w - a +0 scale mail
Wands
 g - a wand of paralysis (8)
Scrolls
 q - a scroll of noise
 s - a scroll of amnesia
 t - 2 scrolls of teleportation
 v - a scroll of identify
 z - a scroll of fog
 A - a scroll of vulnerability
Potions
 c - a potion of heal wounds {unknown}
 f - 2 potions of haste
 h - 2 potions of curing
 i - a potion of might {unknown}
 j - a potion of lignification {unknown}
 l - a potion of resistance {unknown}
 p - a potion of magic
 u - a potion of brilliance {unknown}
 x - 2 potions of cancellation {unknown}


   Skills:
 + Level 4.0 Fighting
 + Level 4.6 Long Blades
 + Level 4.7 Polearms
 + Level 2.1 Throwing
 + Level 4.3 Armour
 + Level 3.6 Dodging
 + Level 0.2 Stealth


You had 7 spell levels left.
You didn't know any spells.
Your spell library contained the following spells:

 Spells                   Type           Power      Damage    Failure   Level
 Cigotuvi's Dreadful Rot  Necr/Pois/Air  0%         N/A       99%         2
 Ensorcelled Hibernation  Hex/Ice        0%         N/A       99%         2
 Passwall                 Tmut/Erth      0%         N/A       99%         2
 Ignite Poison            Fire/Tmut/Pois 0%         N/A       100%        3
 Inner Flame              Hex/Fire       0%         N/A       100%        3
 Swiftness                Air            0%         N/A       100%        3
 Flame Wave               Conj/Fire      0%         2d4       100%        4
 Sticky Flame             Conj/Fire      0%         2d3       100%        4
 Freezing Cloud           Conj/Ice/Air   0%         6-21      100%        5


Dungeon Overview and Level Annotations

Branches:
Dungeon (6/15)             Temple (1/1) D:5

Altars:
Ashenzari
Cheibriados
Fedhas
Gozag
Hepliaklqana
Kikubaaqudgha
Makhleb
Qazlal
Ru
Sif Muna
Trog
Vehumet
Xom
Yredelemnul

Shops:
D:4 ?

Annotations:
D:6 1 runed translucent door


Innate Abilities, Weirdness & Mutations

You have a pair of horns on your head.
You have a somewhat thin skeletal structure. (Dex +2, Stealth+)
You may rarely emit foul miasma when damaged in melee.
You regenerate magic rapidly.


Message History

* * * LOW HITPOINT WARNING * * *
The gnoll hits you but does no damage. The gnoll closely misses you.
The gnoll attacks as it pursues you! The gnoll hits you but does no damage.
The gnoll attacks as it pursues you! The gnoll closely misses you.
The gnoll closely misses you. The ice beast closely misses you.
There is a stone staircase leading up here.
The gnoll hits you but does no damage. The gnoll barely misses you.
The ice beast hits you but does no damage.
You climb upwards.
There is a stone staircase leading down here.
Trog sends monsters to punish you. 2 polar bears and 2 black bears come into view.
You slash the ice beast!
Your weapon exudes an aura of protection.
You kill the ice beast!
Makhleb accepts your kill.
Your Fighting skill increases to level 4!
You slash the polar bear!
You headbutt the polar bear, but do no damage.
The polar bear is lightly wounded.
The black bear bites you but does no damage.
The black bear claws you but does no damage.
The black bear completely misses you. The polar bear closely misses you.
The polar bear claws you but does no damage.
The polar bear claws you.
* * * LOW HITPOINT WARNING * * *
The black bear bites you.
* * * LOW HITPOINT WARNING * * *
The black bear claws you but does no damage. x2
The polar bear barely misses you. The polar bear closely misses you.
The polar bear claws you.
* * * LOW HITPOINT WARNING * * *
The polar bear bites you but does no damage.
The polar bear barely misses you. x2
You barely miss the black bear.
The black bear bites you but does no damage.
The black bear claws you.
* * * LOW HITPOINT WARNING * * *
You emit a cloud of foul miasma!
The black bear claws you.
You die...

#.#.##.# ##.###### #....
#.#.##.# #.# #.### #.#.##.#
#.# #.# # #.#.##.# ##'## #.###
#......# ##...## #....
###.#### ##.....## ###.#
###)##.## ##.><....## ##.#.#
#.......####..h......####....#
#.###......'.@hh.....'........
#.# #...####..h......####....#
#.###....:###.......## ##.#.#
#.......>.####.....##### ###.#
###.###)...............# #.#
#.# ##..####.#)#####.# #.# #.#
#######.#.# #.# #.#
###.#####...##.#.### #.# #.#
#......##._.#......# #.# #.#


You could see 2 polar bears and 2 black bears.

Vanquished Creatures
  Sigmund (D:2)
  2 ice beasts (D:5)
  A black bear (D:4)
  An ogre (D:5)
  A scorpion (D:5)
  A gnoll bouda (D:4)
  4 hounds
  Terence (D:2)
  2 iguanas (D:5)
  An orc wizard (D:4)
  Robin (D:2)
  14 gnolls
  7 adders
  A worm (D:3)
  23 orcs
  6 endoplasms
  3 giant cockroaches
  12 goblins
  5 hobgoblins
  5 quokkas
  10 ball pythons
  8 bats
  5 frilled lizards
  7 kobolds
  3 rats
  A spectral hobgoblin (D:5)
126 creatures vanquished.

Vanquished Creatures (others)
  A wizard (D:4)
1 creature vanquished.

Grand Total: 127 creatures vanquished

Notes
Turn   | Place    | Note
-------+----------+-------------------------------------------
     0 | D:1      | Max4BY the Demonspawn Gladiator began the quest for the
                  | Orb.
     0 | D:1      | Reached XP level 1. HP: 16/16 MP: 1/1
    11 | D:1      | Upgraded the game from 0.31-a0-868-g674d60d6f7 to
                  | 0.31-a0-875-g02e7d12df6
   425 | D:1      | Gained mutation: You may rarely emit foul miasma when
                  | damaged in melee. [demonic ancestry]
   425 | D:1      | Reached XP level 2. HP: 20/22 MP: 2/2
   564 | D:1      | Found a faded altar of an unknown god.
  1089 | D:2      | Reached XP level 3. HP: 19/27 MP: 3/3
  1138 | D:2      | Found a shimmering altar of Xom.
  1207 | D:2      | Noticed Terence
  1223 | D:2      | Killed Terence
  1269 | D:2      | Noticed Sigmund
  1276 | D:2      | Reached skill level 1 in Armour
  1276 | D:2      | Gained mutation: You regenerate magic rapidly. [demonic
                  | ancestry]
  1276 | D:2      | Reached XP level 4. HP: 32/34 MP: 4/4
  1297 | D:2      | HP: 1/34 [something (7)]
  1298 | D:2      | Killed Sigmund
  1299 | D:2      | Gained mutation: You have a pair of small horns on your
                  | head. [demonic ancestry]
  1299 | D:2      | Reached XP level 5. HP: 2/40 MP: 5/5
  1490 | D:2      | Noticed Robin
  1510 | D:2      | Killed Robin
  1877 | D:2      | Gained mutation: You have a pair of horns on your head.
                  | [demonic ancestry]
  1877 | D:2      | Reached XP level 6. HP: 47/47 MP: 6/6
  3148 | D:4      | Reached skill level 1 in Polearms
  4030 | D:4      | Found a bloodstained altar of Trog.
  4032 | D:4      | Noticed a wizard
  4089 | D:4      | Killed a wizard
  4096 | D:4      | Became a worshipper of Trog the Wrathful
  4174 | D:4      | Found Ighoom's Magic Scroll Boutique.
  4181 | D:4      | Bought a scroll of enchant weapon for 82 gold pieces
  4244 | D:4      | Gained mutation: You have a somewhat thin skeletal
                  | structure. (Dex +2, Stealth+) [demonic ancestry]
  4244 | D:4      | Reached XP level 7. HP: 52/52 MP: 7/7
  4676 | D:4      | Found an ancient bone altar of Kikubaaqudgha.
  5016 | D:5      | Entered Level 5 of the Dungeon
  5098 | D:5      | Found a staircase to the Ecumenical Temple.
  5194 | D:5      | Found a broken altar of Ashenzari.
  5200 | D:5      | Found a basalt altar of Yredelemnul.
  5739 | D:5      | Reached XP level 8. HP: 51/60 MP: 8/8
  6142 | D:5      | Found a hazy altar of Hepliaklqana.
  6406 | Temple   | Entered the Ecumenical Temple
  6458 | Temple   | Fell from the grace of Trog
  6458 | Temple   | Became a worshipper of Makhleb the Destroyer
  6512 | D:6      | Found a runed translucent door.
  6532 | D:5      | Noticed a polar bear
  6532 | D:5      | Noticed a polar bear
  6536 | D:5      | HP: 3/60 [black bear[the rage of Trog] (3)]
  6536 | D:5      | Slain by a black bear

Illustrated notes

Levels and vault maps discovered:
D:1:      amcnicky_arrival_single_pillar, layout_basic,
          hellmonk_ecumenical_altar_pennies_from_heaven, minmay_misc_feat_room
D:2:      layout_rooms, basic_altar, wad_orctagon, uniq_terence, uniq_robin,
          uniq_sigmund
D:3:      minmay_spotlight, layout_basic
D:4:      layout_loops_corners, trog_wizard, gammafunk_temple_overflow_statue,
          serial_shops, shop
D:5:      layout_loops_corners, nicolae_hepliaklqana_monster_ancestors,
          mainiacjoe_overflow_big_doors, minmay_temple_entry_offerings
D:6:      layout_cave_pools, ebering_ghost_reflecting_pool
Temple:   chequers_temple_sunken

Skill      XL: |  1  2  3  4  5  6  7  8 |
---------------+-------------------------+-----
Long Blades    | 3 4 |  4.6
Throwing       | 2 |  2.1
Armour         | 1 2 3 4 |  4.3
Dodging        | 3 |  3.6
Fighting       | 3 4 |  4.0
Polearms       | 2 4 |  4.7
Stealth        | |  0.2

Action                     |  1- 3 |  4- 6 |  7- 9 || total
---------------------------+-------+-------+-------++-------
  Melee: Long sword        |   117 |    26 |       ||   143
         Halberd           |       |   153 |    86 ||   239
         Headbutt          |       |    24 |    16 ||    40
    Use: Scroll            |     4 |    12 |     2 ||    18
         Potion            |       |     1 |       ||     1
 Armour: Chain mail        |   117 |   261 |    87 ||   465
         Leather armour    |     2 |       |       ||     2
  Dodge: Dodged            |    71 |   116 |    69 ||   256

Table legend: (Time is in decaauts)
 A = Elapsed time spent in this place.
 B = Non-inter-level travel time spent in this place.
 C = Inter-level travel time spent in this place.
 D = Time resting spent in this place.
 E = Time spent auto-exploring this place.
 F = Levels seen in this place.
 G = Mean time per level.
                   A        B        C        D        E       F      G
               +--------+--------+--------+--------+--------+-----+--------+
         Total |   6674 |   2004 |   4670 |    781 |      0 |   7 |  953.4 |
       Dungeon |   6576 |   1997 |   4579 |    781 |      0 |   6 | 1096.0 |
        Temple |     97 |      6 |     91 |      0 |      0 |   1 |   97.0 |
               +--------+--------+--------+--------+--------+-----+--------+

Top non-repeatable levels by time:
     D:4: 1853 daAuts
     D:5: 1423 daAuts
     D:2: 1197 daAuts
     D:1: 1087 daAuts
     D:3: 994 daAuts
  Temple: 97 daAuts
     D:6: 20 daAuts
